 Dungeon Crawl Stone Soup version 0.20-a0-463-g5747544 (webtiles) character file.

96 HarryHood the Skirmisher (level 4, -1/32 HPs)
             Began as a Gargoyle Monk on Jan 10, 2017.
             Slain by Sigmund
             ... wielding a +0 scythe
              (5 damage)
             ... on level 2 of the Dungeon.
             The game lasted 00:04:46 (1344 turns).

HarryHood the Skirmisher (Gargoyle Monk)            Turns: 1344, Time: 00:04:47

Health: -1/32      AC: 14    Str: 15    XL:     4   Next: 67%
Magic:  4/4        EV:  7    Int: 11    God:
Gold:   77         SH:  0    Dex: 16    Spells: 3/3 levels left

rFire  . . .     SeeInvis .     a - +0 morningstar
rCold  . . .     Gourm    .     d - +0 chain mail
rNeg   + . .     Faith    .     (no shield)
rPois  ∞         Spirit   .     (no helmet)
rElec  +         Reflect  .     (no cloak)
rCorr  .         Harm     .     (no gloves)
MR     .....                    g - +2 pair of boots {Stlth+}
Stlth  ..........               (no amulet)
                                (no ring)
                                i - +4 ring of dexterity

@: confused, very slightly contaminated, hasted, very quick
A: negative energy resistance 1, electricity resistance, unbreathing,
petrification resistance, rot immunity, AC +3
a: no special abilities


You were on level 2 of the Dungeon.
You were hungry.

You visited 1 branch of the dungeon, and saw 2 of its levels.

You collected 77 gold pieces.

Inventory:

Hand Weapons
 a - a +0 morningstar (weapon)
Armour
 d - a +0 chain mail (worn)
 g - a +2 pair of boots of stealth (worn)
Jewellery
 i - a +4 ring of dexterity (left hand)
Scrolls
 b - 3 scrolls of remove curse {@r2}
Potions
 e - a potion of curing {unknown}
 j - a potion of haste
Comestibles
 c - a bread ration {@e1}
 f - 4 fruits {@e2}
 h - 3 chunks of flesh


   Skills:
 * Level 5.7 Fighting
 - Level 3.0 Maces & Flails
 - Level 2.4 Dodging
 - Level 2.1 Stealth


You had 3 spell levels left.
You didn't know any spells.

Dungeon Overview and Level Annotations

Branches:
Dungeon (2/15)

Altars:

Annotations:
D:2 Sigmund


Innate Abilities, Weirdness & Mutations

You are resistant to torment.
Your stone body is resilient. (AC +3)
You are immune to poison.
You resist negative energy. (rN+)
You are resistant to electric shocks. (rElec)
You can survive without breathing.
You are immune to petrification.
You are immune to rotting.


Message History

* * * LOW HITPOINT WARNING * * *
You closely miss something.
You hear some strange, mumbled words.
A puff of flame appears from out of thin air!
The puff of flame hits you!
It was a potion of haste.
You feel yourself speed up. Something hits you.
* * * LOW HITPOINT WARNING * * *
You are very lightly contaminated with residual magic.
You closely miss something. You miss something.
You hear some strange, mumbled words.
You are confused.
You bump into the rock wall.
Something hits you but does no damage.
You miss something. You miss something. Something hits you.
* * * LOW HITPOINT WARNING * * *
You closely miss something. Something hits you but does no damage.
You hit something. You miss something. Something hits you.
You die...

## ### #. ..# #. #.#
#. #.# #. #.# #. ##.##
######.####...###
.......)@{......#
.......####...#.######
#.##### ##.........#
####.####.# #.# #.#
####.# #.# #....# #.#
#.#### #.# #.# #.#


There were no monsters in sight!

Vanquished Creatures
  Jessica (D:2)
  Terence (D:2)
  An adder (D:2)
  2 worms (D:2)
  3 giant cockroaches
  4 goblins
  3 hobgoblins
  A kobold (D:1)
  A quokka (D:1)
  5 bats
  A frilled lizard (D:2)
  8 rats
31 creatures vanquished.

Notes
Turn   | Place    | Note
-------+----------+-------------------------------------------
     0 | D:1      | HarryHood the Gargoyle Monk began the quest for the Orb.
     0 | D:1      | Reached XP level 1. HP: 14/14 MP: 1/1
   199 | D:1      | Reached XP level 2. HP: 20/20 MP: 2/2
   261 | D:1      | Reached skill level 4 in Fighting
   913 | D:2      | Reached XP level 3. HP: 13/24 MP: 3/3
  1117 | D:2      | Noticed Terence
  1128 | D:2      | Killed Terence
  1128 | D:2      | Reached skill level 5 in Fighting
  1128 | D:2      | Reached XP level 4. HP: 24/31 MP: 4/4
  1314 | D:2      | Noticed Sigmund
  1319 | D:2      | Noticed Jessica
  1323 | D:2      | Killed Jessica
  1341 | D:2      | HP: 3/32 [something (3)]
  1344 | D:2      | Slain by Sigmund

Vault maps used:
D:1:      onia_arrival_larder
D:2:      lemuel_coloured_pillars_altar, uniq_sigmund, uniq_jessica,
          uniq_terence

Skill      XL: |  1  2  3 |
---------------+----------+-----
Fighting       | 4 5 |  5.7
Maces & Flails | |  3.0
Dodging        | |  2.4
Stealth        | |  2.1

Action                   |  1- 3 |  4- 6 || total
-------------------------+-------+-------++-------
Melee: Mace              |    87 |       ||    87
       Morningstar       |       |    34 ||    34
  Use: Scroll            |     2 |       ||     2
       Potion            |       |     1 ||     1
 Stab: Sleeping          |     6 |       ||     6
  Eat: Chunk             |     1 |       ||     1
Armor: Robe              |     9 |       ||     9
       Ring mail         |    16 |       ||    16
       Chain mail        |    22 |    16 ||    38
Dodge: Dodged            |    40 |     8 ||    48
